[Event "Titled Tuesday Blitz March 14 Early 2023"]
[White "Perez Rodriguez, Jennifer"]
[Black "Shapiro, Viktor"]
[WhiteFideId "3507831"]
[BlackFideId "4175700"]
[WhiteElo "2170"]
[BlackElo "2152"]
[Result "0-1"]
[Round "11"]
[TimeControl "180+2"]
[Date "2023.03.14"]
[WhiteClock "0:00:11"]
[BlackClock "0:01:12"]

1. e4 Nf6 2. Nc3 d5 3. exd5 Nxd5 4. Nxd5 Qxd5 5. d4 c5 6. Nf3 Nc6 7. Be3 cxd4 8. Nxd4 e5 9. Nb5 Qxd1+ 10. Rxd1 Bb4+ 11. c3 Ba5 12. b4 Bd8 13. Nd6+ Kf8 14. b5 Na5 15. Bxa7 Be7 16. Bc5 Be6 17. Be2 Bxa2 18. Bf3 f5 19. Nxb7 e4 20. Bxe7+ Kxe7 21. Nxa5 Rxa5 22. Be2 Rc8 23. Rc1 Bc4 24. Bxc4 Rxc4 25. O-O Rxb5 26. Rfe1 Kf6 27. f3 exf3 28. gxf3 Rd5 29. Re3 Kg5 30. Kf2 Kf4 31. Rce1 Rd2+ 32. R1e2 Rd1 33. Rb2 Rc1 34. Rbe2 g5 35. Rd3 R1xc3 36. Red2 Rxd3 37. Rxd3 h5 38. Ke2 Rc2+ 0-1


[Site "https://www.chess.com"]

[Event "Titled Tuesday Blitz March 14 Early 2023"]
[White "Buscar, Michael"]
[Black "Manukian, Artak"]
[WhiteFideId "2603616"]
[BlackFideId "13301373"]
[WhiteElo "2010"]
[BlackElo "2130"]
[Result "1/2-1/2"]
[Round "11"]
[TimeControl "180+2"]
[Date "2023.03.14"]
[WhiteClock "0:00:43"]
[BlackClock "0:01:52"]

1. d4 d5 2. c4 dxc4 3. e3 e5 4. Bxc4 exd4 5. exd4 Nf6 6. Nf3 Be7 7. O-O O-O 8. h3 a6 9. Nc3 b5 10. Bd3 Bb7 11. Re1 Nbd7 12. Ne5 Nb6 13. Bg5 h6 14. Be3 Nbd5 15. Nxd5 Nxd5 16. Bd2 Bf6 17. Qg4 Bxe5 18. dxe5 Nf4 19. Bxf4 Qxd3 20. Bxh6 Qg6 21. Qxg6 fxg6 22. Be3 Bd5 23. Bc5 Rfe8 24. a4 Kf7 25. b4 Ke6 26. a5 g5 27. Rad1 Rf8 28. Rd4 Rf5 29. Rg4 Rh8 30. Re3 Rh4 31. Bd4 Rxg4 32. hxg4 Rf4 33. Bc5 Rxg4 34. Rg3 Rxg3 35. fxg3 Kxe5 36. Kf2 g4 37. Bf8 g6 38. Bc5 Ke4 39. Bf8 Kd3 40. Bc5 Kc4 41. Bf8 Be6 42. Bc5 Bf5 43. Be7 Kd5 44. Bc5 Ke4 45. Bf8 Kd5 46. Bc5 Ke6 47. Bf8 Kd5 48. Bc5 1/2-1/2


[Site "https://www.chess.com"]

[Event "Titled Tuesday Blitz March 14 Early 2023"]
[White "Lesbekova, Assel"]
[Black "Bruedigam, Martin"]
[WhiteFideId "13713248"]
[BlackFideId "24608033"]
[WhiteElo "1799"]
[BlackElo "2331"]
[Result "0-1"]
[Round "11"]
[TimeControl "180+2"]
[Date "2023.03.14"]
[WhiteClock "0:00:07"]
[BlackClock "0:01:06"]

1. e4 c6 2. d4 d5 3. Nc3 dxe4 4. Nxe4 Nf6 5. Ng3 g6 6. h4 h5 7. c3 Bg7 8. Bg5 Qb6 9. Qd2 Be6 10. Nf3 Nbd7 11. Bd3 Bd5 12. Be2 e6 13. c4 Ne4 14. Nxe4 Bxe4 15. Be3 O-O 16. O-O Bxf3 17. Bxf3 Qc7 18. Bf4 Qb6 19. Bd6 Rfe8 20. c5 Qd8 21. g3 Nf6 22. Rfe1 Bf8 23. Be5 Bg7 24. b4 a6 25. a4 Nd5 26. Bxg7 Kxg7 27. Reb1 Qd7 28. Bxd5 Qxd5 29. b5 axb5 30. axb5 Rxa1 31. Rxa1 Rd8 32. bxc6 bxc6 33. Rd1 e5 34. Qb4 exd4 35. Rd3 Rd7 36. Kh2 Qe4 37. Qa3 Rd5 38. Rf3 d3 39. Qc3+ Kg8 40. Qf6 Qe6 41. Qf4 d2 42. Qb8+ Kg7 43. Re3 Qxe3 44. fxe3 d1=Q 0-1


[Site "https://www.chess.com"]

[Event "Titled Tuesday Blitz March 14 Early 2023"]
[White "Leve, Nitai"]
[Black "Torres Dominguez, David"]
[WhiteFideId "2006898"]
[BlackFideId "2220857"]
[WhiteElo "2144"]
[BlackElo "1999"]
[Result "1-0"]
[Round "11"]
[TimeControl "180+2"]
[Date "2023.03.14"]
[WhiteClock "0:00:13"]
[BlackClock "0:00:01"]

1. e4 Nc6 2. Nf3 e5 3. Bb5 Nge7 4. c3 g6 5. d4 Bg7 6. O-O O-O 7. Bg5 exd4 8. cxd4 f6 9. Qb3+ Kh8 10. Bd2 d5 11. exd5 Nxd5 12. Nc3 Nce7 13. Rfe1 c6 14. Bd3 Qb6 15. Qa3 Bg4 16. Rxe7 Nxe7 17. Qxe7 Bxf3 18. gxf3 Qxd4 19. Qe3 Rad8 20. Qxd4 Rxd4 21. Be3 Rxd3 22. Bxa7 f5 23. Re1 Rd7 24. Na4 Ra8 25. Nc5 Rf7 26. Bb6 Bf6 27. a4 Kg7 28. b4 Bc3 29. Rb1 Re7 30. b5 cxb5 31. Rxb5 Bf6 32. Ba5 Kf7 33. Nxb7 Re6 34. Nc5 Re7 35. Bb4 Rc7 36. a5 Be7 37. Nb7 Bxb4 38. Rxb4 Ke7 39. Rb6 Rc1+ 40. Kg2 Rc7 41. a6 Rxa6 42. Rxa6 Rxb7 43. Kg3 Kf7 44. Kf4 Re7 45. h4 Kg7 46. Kg5 h6+ 47. Kf4 Rb7 48. Ra4 Rc7 49. h5 gxh5 50. Kxf5 Rf7+ 51. Ke4 h4 52. Ke3 Re7+ 53. Kf4 Rf7+ 54. Kg4 h3 55. Kg3 h2 56. Rh4 Kg6 57. Rxh2 h5 58. f4 Kh6 59. Kf3 Kg6 60. Rg2+ Kh6 61. Rg8 Kh7 62. Ra8 Kh6 63. Ra6+ Kh7 64. Kg3 Rg7+ 65. Kh4 Rg4+ 66. Kxh5 Rxf4 67. Ra7+ Kg8 68. Ra2 Rf5+ 69. Kg4 Rf7 70. f4 Kg7 71. Ra6 Rb7 72. Kg5 Rb5+ 73. Kg4 Rc5 74. Ra7+ 1-0


[Site "https://www.chess.com"]

[Event "Titled Tuesday Blitz March 14 Early 2023"]
[White "Valle Maytin, Luis Enrique"]
[Black "ritanovikova"]
[WhiteFideId "3503666"]
[WhiteElo "2225"]
[BlackElo "2163"]
[Result "1/2-1/2"]
[Round "11"]
[TimeControl "180+2"]
[Date "2023.03.14"]
[WhiteClock "0:00:05"]
[BlackClock "0:00:04"]

1. e4 d5 2. exd5 Qxd5 3. Nc3 Qd6 4. Bc4 Nf6 5. d3 a6 6. Bd2 Nc6 7. h3 Na5 8. Bb3 Nxb3 9. axb3 Bf5 10. Qe2 e6 11. Nf3 Be7 12. Nh4 Bg6 13. Nxg6 hxg6 14. Ra4 Nd5 15. Nxd5 Qxd5 16. O-O O-O 17. Bf4 Bd6 18. Be3 Qe5 19. f4 Qd5 20. Qf2 Qc6 21. Rc4 Qd7 22. d4 b5 23. Rc3 Rac8 24. Rd1 Qe7 25. d5 exd5 26. Rxd5 Qe4 27. Rd4 Qe8 28. Rd1 Qe6 29. Rcd3 Be7 30. Re1 Qc6 31. f5 gxf5 32. Qxf5 Bd6 33. Bd4 Rce8 34. Rf1 Re6 35. c3 Rg6 36. Rdf3 Qe8 37. Re3 Qc8 38. Qxc8 Rxc8 39. g4 Kf8 40. Kg2 Kg8 41. Ref3 Rf8 42. Rf5 Re6 43. R5f2 f6 44. Rd2 c5 45. Bg1 Rfe8 46. Rfd1 Bf8 47. Kf3 Kf7 48. Rd7+ R8e7 49. Rxe7+ Rxe7 50. Rd5 Re8 51. Bxc5 Rc8 52. Be3 Ke6 53. Rd2 Bd6 54. Bd4 Kf7 55. Re2 Be7 56. b4 Rd8 57. h4 Bxb4 58. Bb6 Rd6 59. Bc7 Rd7 60. Bf4 Bc5 61. h5 Rd3+ 62. Kg2 Rd1 63. Bg3 Rg1+ 64. Kf3 Rd1 65. Kg2 Rd3 66. Kh2 Bd6 67. Bxd6 Rxd6 68. Kg3 Rd3+ 69. Kf4 Rd5 70. b4 Rd7 71. Re3 Rc7 72. Rd3 Rc4+ 73. Kf5 Rc7 74. Rd6 Rxc3 75. Rxa6 Rc4 76. Ra7+ Kf8 77. h6 gxh6 78. Kxf6 Rf4+ 79. Kg6 Rxg4+ 80. Kf6 Rf4+ 81. Kg6 Rg4+ 82. Kf6 Rf4+ 83. Kg6 Rg4+ 1/2-1/2


[Site "https://www.chess.com"]

[Event "Titled Tuesday Blitz March 14 Early 2023"]
[White "Baruch, Liam"]
[Black "Shuvalov, Evgenij"]
[WhiteFideId "14322064"]
[BlackFideId "4187237"]
[WhiteElo "2163"]
[BlackElo "2080"]
[Result "0-1"]
[Round "11"]
[TimeControl "180+2"]
[Date "2023.03.14"]
[WhiteClock "0:00:11"]
[BlackClock "0:00:34"]

1. e4 e6 2. d4 d5 3. Nc3 Bb4 4. e5 c5 5. a3 Bxc3+ 6. bxc3 Ne7 7. Nf3 h6 8. a4 Qc7 9. Bd3 b6 10. Bb5+ Bd7 11. Bxd7+ Nxd7 12. O-O Nc6 13. Ba3 Na5 14. Nd2 Qc6 15. Qf3 O-O 16. Qg3 Rfc8 17. Ra2 cxd4 18. cxd4 Nc4 19. Nxc4 Qxc4 20. Qb3 Qxd4 21. Bb2 Qc4 22. Qa3 a5 23. f4 Nc5 24. f5 Ne4 25. fxe6 fxe6 26. Raa1 Rf8 27. Qe7 Qc5+ 28. Qxc5 bxc5 29. Ba3 Rab8 30. Rfb1 Rfc8 31. Re1 c4 32. Rxe4 dxe4 33. Re1 c3 34. Rxe4 Rb1+ 35. Kf2 Ra1 36. Bd6 Ra2 37. Re2 Rxa4 38. Ke3 Ra1 39. h3 a4 40. g4 a3 41. h4 a2 42. g5 Rd1 0-1


[Site "https://www.chess.com"]

[Event "Titled Tuesday Blitz March 14 Early 2023"]
[White "Zhurova, Anna"]
[Black "Senft, Sean"]
[WhiteFideId "54113075"]
[BlackFideId "2044960"]
[WhiteElo "2031"]
[BlackElo "1989"]
[Result "1-0"]
[Round "11"]
[TimeControl "180+2"]
[Date "2023.03.14"]
[WhiteClock "0:00:17"]
[BlackClock "0:00:50"]

1. e4 e5 2. Nf3 Nc6 3. Bb5 Nf6 4. O-O Nxe4 5. Re1 Nd6 6. a4 Be7 7. Nc3 O-O 8. d4 exd4 9. Nd5 Re8 10. Bf4 Bf6 11. Bxd6 Rxe1+ 12. Qxe1 cxd6 13. Nxf6+ gxf6 14. Qe4 Ne5 15. Nxd4 a6 16. Be2 d5 17. Qxd5 d6 18. Rd1 Qc7 19. c3 Bd7 20. Qe4 Re8 21. Qh4 f5 22. Qg5+ Ng6 23. Bd3 Qa5 24. h4 f6 25. Qxf6 Qe5 26. Qxe5 Rxe5 27. Nf3 Re7 28. Bc4+ Kf8 29. Rxd6 Bxa4 30. Rf6+ Kg7 31. Rxf5 h6 32. h5 Nf8 33. Rf4 Nd7 34. Rg4+ Kf6 35. Rg6+ Kf5 36. Rxh6 Ne5 37. Nxe5 Rxe5 38. Rg6 Bc2 39. Rg3 Re1+ 40. Kh2 Re5 41. Bd3+ Bxd3 42. Rxd3 Ke4 43. Re3+ Kd5 44. Rxe5+ Kxe5 45. g4 a5 46. h6 Kf6 47. g5+ Kg6 48. Kg3 b5 49. Kf3 a4 50. Ke3 b4 51. cxb4 a3 52. bxa3 1-0


[Site "https://www.chess.com"]

[Event "Titled Tuesday Blitz March 14 Early 2023"]
[White "Botez, Alexandra"]
[Black "Avazkhonov, Alikhon"]
[WhiteFideId "2603365"]
[BlackFideId "14208504"]
[WhiteElo "2059"]
[BlackElo "1739"]
[Result "0-1"]
[Round "11"]
[TimeControl "180+2"]
[Date "2023.03.14"]
[WhiteClock "0:00:29"]
[BlackClock "0:00:52"]

1. d4 Nf6 2. c4 e6 3. Nf3 Bb4+ 4. Bd2 Qe7 5. e3 O-O 6. Bd3 Bxd2+ 7. Nbxd2 d6 8. O-O e5 9. e4 Bg4 10. Qc2 Bxf3 11. Nxf3 a5 12. Rac1 Nc6 13. d5 Nb4 14. Qb1 Na6 15. a3 a4 16. Ne1 Nc5 17. f3 Nh5 18. Bc2 g6 19. Nd3 Nxd3 20. Bxd3 Nf4 21. g3 Qg5 22. c5 h5 23. Kh1 Nh3 24. cxd6 cxd6 25. Rc7 Qd2 26. Qc2 Qxc2 27. Bxc2 b5 28. Bd3 Rab8 29. Kg2 Ng5 30. h4 Nh7 31. Rfc1 b4 32. Ra7 bxa3 33. bxa3 Rb3 34. Bb5 Rxb5 35. Rxa4 Rb2+ 36. Kh3 Rfb8 37. Rc6 Rf2 38. Rxd6 Rbb2 0-1


[Site "https://www.chess.com"]

[Event "Titled Tuesday Blitz March 14 Early 2023"]
[White "Sarkar, Justin"]
[Black "Zaichenko, Daria"]
[WhiteFideId "2010011"]
[BlackFideId "4197453"]
[WhiteElo "2189"]
[BlackElo "2039"]
[Result "1-0"]
[Round "11"]
[TimeControl "180+2"]
[Date "2023.03.14"]
[WhiteClock "0:00:11"]
[BlackClock "0:01:11"]

1. d4 d5 2. c4 e6 3. Nc3 Be7 4. Nf3 Nf6 5. Bg5 O-O 6. e3 Nbd7 7. Rc1 c5 8. cxd5 Nxd5 9. Bxe7 Nxe7 10. Bb5 cxd4 11. Qxd4 a6 12. Bd3 Nc6 13. Qh4 Qxh4 14. Nxh4 Nde5 15. Bb1 g5 16. Nf3 Nxf3+ 17. gxf3 h6 18. h4 f6 19. hxg5 hxg5 20. Ke2 Bd7 21. f4 gxf4 22. Rcg1+ Kf7 23. Rh7+ Ke8 24. Rgg7 Kd8 25. Rxd7+ Kc8 26. Rc7+ Kb8 27. Rxb7+ Kc8 28. Rhc7+ Kd8 29. Rxc6 Rc8 30. Rxc8+ Kxc8 31. Rb6 fxe3 32. fxe3 e5 33. Rxa6 1-0


[Site "https://www.chess.com"]

[Event "Titled Tuesday Blitz March 14 Early 2023"]
[White "Quirke, Jeffrey"]
[Black "Jiganchine, Roman"]
[WhiteFideId "2013029"]
[BlackFideId "2603667"]
[WhiteElo "2223"]
[BlackElo "2326"]
[Result "1-0"]
[Round "11"]
[TimeControl "180+2"]
[Date "2023.03.14"]
[WhiteClock "0:00:07"]
[BlackClock "0:00:08"]

1. e4 c6 2. d4 d5 3. exd5 cxd5 4. Bf4 Nc6 5. c3 Bf5 6. Bd3 Bxd3 7. Qxd3 e6 8. Nd2 Nf6 9. Ngf3 Bd6 10. Bxd6 Qxd6 11. O-O O-O 12. Rfe1 Rab8 13. Ne5 Nd7 14. Nxd7 Qxd7 15. Qe2 b5 16. a3 a5 17. Nb3 b4 18. cxb4 axb4 19. a4 Qa7 20. Qd3 Rfc8 21. Rec1 g6 22. h3 Kg7 23. a5 Ne7 24. Rxc8 Rxc8 25. a6 Rc4 26. Nc5 Nc6 27. b3 Rxd4 28. Qb5 Ne5 29. Qb7 Qxc5 30. a7 Rd2 31. Rf1 Nd3 32. a8=Q Nxf2 33. Qaa7 Nxh3+ 34. Kh2 Qd6+ 35. Kxh3 Rd3+ 36. Rf3 Rxf3+ 37. gxf3 Qf4 38. Qf2 Qh6+ 39. Kg2 Qg5+ 40. Kf1 Qc1+ 41. Qe1 Qf4 42. Qe2 Qc1+ 43. Kf2 Qc5+ 44. Kg2 Qd4 45. Qba6 Qf4 46. Qad3 Qg5+ 47. Kf2 Qh4+ 48. Kf1 Qh1+ 49. Kf2 Qh4+ 50. Ke3 Qg5+ 51. f4 Qg3+ 52. Kd2 Qxf4+ 53. Kc2 Qf6 54. Qed2 h5 55. Qd4 h4 56. Qxf6+ Kxf6 57. Qf4+ Kg7 58. Qxh4 e5 59. Qxb4 d4 60. Qc5 Kf6 61. Qd6+ Kf5 62. b4 g5 63. b5 g4 64. b6 g3 65. Qe7 g2 66. Qxf7+ Ke4 67. Qg6+ Kf3 68. b7 Kf2 69. b8=Q g1=Q 70. Qxg1+ Kxg1 71. Qxe5 Kf2 72. Qxd4+ Kf3 73. Qe5 1-0


[Site "https://www.chess.com"]

[Event "Titled Tuesday Blitz March 14 Early 2023"]
[White "Levitan, Caleb Levi"]
[Black "Fabris, Alberto"]
[WhiteFideId "14332620"]
[BlackFideId "801348"]
[WhiteElo "1963"]
[BlackElo "2207"]
[Result "0-1"]
[Round "11"]
[TimeControl "180+2"]
[Date "2023.03.14"]
[WhiteClock "0:00:03"]
[BlackClock "0:00:54"]

1. b3 e5 2. Bb2 Nc6 3. g3 d6 4. Bg2 Nf6 5. d3 Be7 6. Nf3 O-O 7. O-O h6 8. Nbd2 Be6 9. e4 Qd7 10. d4 exd4 11. Nxd4 Nxd4 12. Bxd4 Bh3 13. Qe2 Bxg2 14. Kxg2 Nh7 15. f4 Bf6 16. Nf3 Rfe8 17. Rae1 c5 18. Bxf6 Nxf6 19. Qd3 Qc6 20. Nd2 Rad8 21. c4 a6 22. Kg1 b5 23. Rf2 bxc4 24. bxc4 Qa4 25. Nf3 Qc6 26. Rfe2 Rd7 27. Nd2 Rde7 28. Qf3 Qa4 29. e5 dxe5 30. fxe5 Nd7 31. e6 fxe6 32. Rxe6 Rxe6 33. Qd5 Nf8 34. Rxe6 Rxe6 35. Ne4 Qc6 36. Nxc5 Qxd5 37. cxd5 Re5 38. Nxa6 Rxd5 39. Nb4 Rb5 40. Nc6 Rb1+ 41. Kf2 Rb2+ 42. Kf3 Rxa2 43. h4 Kf7 44. Kg4 g6 45. Ne5+ Kg7 46. h5 Ra4+ 47. Kh3 gxh5 48. Nd3 Ng6 49. Nc5 Ra3 50. Ne4 h4 51. Nf2 hxg3 52. Ng4 h5 0-1


[Site "https://www.chess.com"]

[Event "Titled Tuesday Blitz March 14 Early 2023"]
[White "Aanan, Shafiuddin"]
[Black "MunichMouse"]
[WhiteFideId "3242633"]
[WhiteElo "1648"]
[BlackElo "2293"]
[Result "0-1"]
[Round "11"]
[TimeControl "180+2"]
[Date "2023.03.14"]
[WhiteClock "0:00:02"]
[BlackClock "0:00:24"]

1. e4 c5 2. Nf3 d6 3. d3 g6 4. g3 Bg7 5. Bg2 Nc6 6. O-O e5 7. c3 Nge7 8. a3 O-O 9. b4 h6 10. Nbd2 f5 11. exf5 gxf5 12. Nh4 Qe8 13. Nc4 Rf6 14. f4 Kh7 15. b5 Nd8 16. fxe5 dxe5 17. Nxe5 Qxb5 18. c4 Qe8 19. Ra2 Re6 20. Nhf3 Bxe5 21. Nxe5 Rxe5 22. Raf2 Ndc6 23. Bf4 Re6 24. Bd5 Rf6 25. Qa1 Nxd5 26. cxd5 Nd4 27. Re1 Qd8 28. Be5 Rf7 29. Bxd4 cxd4 30. Qxd4 Bd7 31. d6 Qb6 32. Qd5 Raf8 33. Re7 Kg7 34. d4 Qb1+ 35. Rf1 Qd3 36. Qe5+ Kg8 37. d5 Bb5 38. Re1 f4 39. Qe6 fxg3 40. hxg3 Qxg3+ 41. Kh1 Qh4+ 42. Kg1 Qg5+ 43. Kh1 Qh5+ 44. Kg1 Bc4 45. Rxf7 Rxf7 46. Qe8+ Kh7 47. Qe4+ Qg6+ 48. Qxg6+ Kxg6 49. Re7 Rxe7 50. dxe7 Kf7 51. d6 b5 0-1


[Site "https://www.chess.com"]

[Event "Titled Tuesday Blitz March 14 Early 2023"]
[White "Zaksaite, Salomeja"]
[Black "Larina, Maria"]
[WhiteFideId "12801496"]
[BlackFideId "24113182"]
[WhiteElo "2059"]
[BlackElo "1848"]
[Result "1-0"]
[Round "11"]
[TimeControl "180+2"]
[Date "2023.03.14"]
[WhiteClock "0:00:07"]
[BlackClock "0:00:40"]

1. d4 f5 2. c4 Nf6 3. Nc3 d6 4. g3 g6 5. Bg2 Bg7 6. Nf3 O-O 7. O-O Nc6 8. d5 Na5 9. Qd3 e5 10. dxe6 Bxe6 11. b3 Nc6 12. Bb2 Ne4 13. a3 a5 14. Rab1 Nc5 15. Qc2 a4 16. b4 Nb3 17. Nxa4 Nbd4 18. Nxd4 Nxd4 19. Bxd4 Bxd4 20. Bxb7 f4 21. Qe4 Be5 22. Bxa8 Qxa8 23. Qxa8 Rxa8 24. Nb2 Rxa3 25. c5 Bf5 26. Nd3 Bxd3 27. exd3 Rxd3 28. cxd6 Bxd6 29. b5 fxg3 30. hxg3 Bc5 31. Rfd1 Rxg3+ 32. Kf1 Rc3 33. Rd8+ Kg7 34. Rd7+ Kh6 35. Rxc7 Rc2 36. Rf7 Bb6 37. Rf6 Bd4 38. Rf4 Bb6 39. Rb3 Kg5 40. Rf7 h5 41. Rg3+ Kh6 42. Rf6 Rc1+ 43. Kg2 Bd4 44. Rfxg6+ Kh7 45. Rc6 Rb1 46. Rd3 Be5 47. Rd7+ Bg7 48. Rcc7 Rxb5 49. Rxg7+ Kh6 50. Rgd7 Rb6 51. Rd8 Rg6+ 52. Kf1 h4 53. Rdc8 h3 54. Rh8+ Kg5 55. Rxh3 Re6 56. Rg3+ Kf4 57. Rf7+ Ke5 58. Re3+ Kd6 59. Rxe6+ Kxe6 60. Rf3 Ke7 61. Re3+ Kf6 62. Ke2 Kg6 63. f3 Kg5 64. Kf2 Kf6 65. f4 Kf5 66. Kf3 Kf6 67. Re5 Kg6 68. Ke4 Kf6 69. f5 Kf7 70. Re6 Kf8 71. Ke5 Kf7 72. f6 Kf8 73. Re7 Kg8 74. Ke6 Kf8 75. Rb7 Kg8 76. Kf5 Kf8 77. Kg6 Kg8 78. f7+ Kh8 79. f8=Q# 1-0


[Site "https://www.chess.com"]

[Event "Titled Tuesday Blitz March 14 Early 2023"]
[White "Sadubayev, Airat"]
[Black "Fajdetic, Hrvoje"]
[WhiteFideId "13713264"]
[BlackFideId "14501945"]
[WhiteElo "2129"]
[BlackElo "2185"]
[Result "1-0"]
[Round "11"]
[TimeControl "180+2"]
[Date "2023.03.14"]
[WhiteClock "0:00:19"]
[BlackClock "0:00:03"]

1. d4 e6 2. c4 f5 3. Nf3 Nf6 4. g3 d5 5. Bg2 c6 6. O-O Bd6 7. Nc3 O-O 8. b3 Ne4 9. Qc2 b6 10. a4 a5 11. Ba3 Na6 12. Bxd6 Qxd6 13. Ne5 Nb4 14. Qb2 Ba6 15. Na2 Nxa2 16. Rxa2 c5 17. Rd1 Rad8 18. dxc5 Qxc5 19. Nd3 Qe7 20. cxd5 Rxd5 21. Raa1 Rfd8 22. Qc2 Qd6 23. Bf1 Nc5 24. Nxc5 bxc5 25. Rxd5 Qxd5 26. e4 Qd4 27. Re1 Bxf1 28. Kxf1 Qd3+ 29. Qxd3 Rxd3 30. exf5 exf5 31. Re3 Rd2 32. Ke1 Rb2 33. Rc3 g6 34. Rxc5 Rxb3 35. Rxa5 Ra3 36. Ra7 f4 37. a5 f3 38. Kd2 g5 39. a6 g4 40. Ra8+ Kg7 41. a7 h5 42. Kc2 h4 43. gxh4 1-0


[Site "https://www.chess.com"]

[Event "Titled Tuesday Blitz March 14 Early 2023"]
[White "Liu, Casper"]
[Black "Clawitter, Craig"]
[WhiteFideId "1454153"]
[BlackFideId "2023105"]
[WhiteElo "2221"]
[BlackElo "2252"]
[Result "1-0"]
[Round "11"]
[TimeControl "180+2"]
[Date "2023.03.14"]
[WhiteClock "0:00:50"]
[BlackClock "0:00:04"]

1. d4 e6 2. c4 Nf6 3. Nc3 d5 4. cxd5 exd5 5. Bg5 c6 6. e3 Be7 7. Qc2 Nbd7 8. Bd3 O-O 9. Nge2 Re8 10. O-O Nf8 11. Rae1 g6 12. f3 Ne6 13. Bh4 b5 14. a3 a5 15. e4 dxe4 16. Nxe4 Nxd4 17. Nxd4 Qxd4+ 18. Kh1 Nxe4 19. Rxe4 Qd6 20. Bxe7 Rxe7 21. Rxe7 Qxe7 22. Qxc6 Bb7 23. Qxb5 Rd8 24. Bc4 Rd2 25. Qxa5 Rxb2 26. Re1 Qh4 27. Re8+ Kg7 28. Qe5+ Qf6 29. Qxf6+ Kxf6 30. h3 Rc2 31. Bb5 Bc6 32. Rc8 Be4 33. Rxc2 Bxc2 34. a4 Ke5 35. a5 Kd6 36. a6 Kc7 37. Kh2 Kb6 38. Bc4 f6 39. Kg3 g5 40. Kg4 Bg6 41. f4 h5+ 42. Kf3 Bf5 43. Ke3 Bc8 44. fxg5 fxg5 45. Ke4 1-0


[Site "https://www.chess.com"]

[Event "Titled Tuesday Blitz March 14 Early 2023"]
[White "Wilson, Elvin"]
[Black "Martin, Lewis"]
[WhiteFideId "2014874"]
[BlackFideId "410551"]
[WhiteElo "2272"]
[BlackElo "2145"]
[Result "1-0"]
[Round "11"]
[TimeControl "180+2"]
[Date "2023.03.14"]
[WhiteClock "0:00:31"]
[BlackClock "0:00:38"]

1. c4 c6 2. g3 Nf6 3. Bg2 d5 4. Nf3 e6 5. O-O Nbd7 6. b3 Bd6 7. Bb2 Qe7 8. d3 O-O 9. Nbd2 e5 10. e4 d4 11. Nh4 g6 12. Ndf3 Nh5 13. Bc1 Ng7 14. Bh6 f6 15. Nd2 Rf7 16. f4 Nf8 17. fxe5 Bxe5 18. Ndf3 Bg4 19. Qd2 Nfe6 20. Nxe5 fxe5 21. Rxf7 Qxf7 22. Rf1 Qe7 23. h3 Bh5 24. b4 Rf8 25. Rxf8+ Nxf8 26. Bg5 Qd7 27. g4 Bxg4 28. hxg4 Qxg4 29. Kh2 Nfe6 30. Bf6 Nh5 31. Qf2 g5 32. Nf5 Nef4 33. Nh6+ 1-0


[Site "https://www.chess.com"]

[Event "Titled Tuesday Blitz March 14 Early 2023"]
[White "Kiseleva, Arina"]
[Black "Manon-og, Ramon Jr."]
[WhiteFideId "4164989"]
[BlackFideId "5200776"]
[WhiteElo "1756"]
[BlackElo "2326"]
[Result "0-1"]
[Round "11"]
[TimeControl "180+2"]
[Date "2023.03.14"]
[WhiteClock "0:00:15"]
[BlackClock "0:00:52"]

1. d4 Nf6 2. Nf3 g6 3. c4 d5 4. cxd5 Nxd5 5. e4 Nb6 6. h3 Bg7 7. Be3 O-O 8. Nc3 N8d7 9. Be2 Nf6 10. O-O c6 11. a4 Be6 12. a5 Nc4 13. Bc1 Nxa5 14. Ng5 Bc4 15. b4 Bxe2 16. Nxe2 Nc4 17. Qb3 b5 18. e5 Nd5 19. Ne4 a5 20. bxa5 Rxa5 21. Rxa5 Qxa5 22. Bg5 e6 23. Rd1 Qa4 24. Qb1 Ra8 25. N2c3 Qa3 26. Nxd5 cxd5 27. Nf6+ Bxf6 28. Bxf6 Rb8 29. Rd3 Qf8 30. Rb3 Nd2 31. Qb2 Nxb3 32. Qxb3 b4 33. h4 Rc8 34. h5 Qh6 35. hxg6 Rc1+ 0-1


[Site "https://www.chess.com"]

[Event "Titled Tuesday Blitz March 14 Early 2023"]
[White "Samaganova, Aleksandra"]
[Black "Simonovic, Miroslav"]
[WhiteFideId "13800221"]
[BlackFideId "919152"]
[WhiteElo "1858"]
[BlackElo "2042"]
[Result "1-0"]
[Round "11"]
[TimeControl "180+2"]
[Date "2023.03.14"]
[WhiteClock "0:00:02"]
[BlackClock "0:00:03"]

1. c4 c5 2. Nc3 Nc6 3. g3 g6 4. Bg2 Bg7 5. e3 e5 6. Nge2 Nge7 7. O-O O-O 8. a3 d6 9. Rb1 a5 10. h3 Be6 11. Nd5 f5 12. Nec3 e4 13. d3 exd3 14. Qxd3 Ne5 15. Qe2 Nxd5 16. Nxd5 Rb8 17. b4 axb4 18. axb4 b6 19. Rd1 Qd7 20. Kh2 Qf7 21. Bb2 Rfd8 22. Qc2 Rdc8 23. Nf4 Bxc4 24. Rxd6 g5 25. Nd5 cxb4 26. Qxf5 Bd3 27. Qxf7+ Kxf7 28. Rd1 Bc2 29. Rd2 b3 30. Nxb6 Rc7 31. Bd5+ Kf8 32. Ba3 Ke8 33. Na4 Bf8 34. Re6+ Kf7 35. Rxe5+ Kf6 36. Re6+ Kg7 37. Bb2+ Kf7 38. Rb6+ Ke7 39. Rxb8 Rd7 40. Ba3+ Kf6 41. Rxf8+ Kg6 42. Be4+ Kg7 43. Rxd7+ Kh6 44. Rxh7# 1-0


[Site "https://www.chess.com"]

[Event "Titled Tuesday Blitz March 14 Early 2023"]
[White "Kalajzic, Ivan"]
[Black "Allam, Yara"]
[WhiteFideId "14506378"]
[BlackFideId "10615709"]
[WhiteElo "2203"]
[BlackElo "1758"]
[Result "1/2-1/2"]
[Round "11"]
[TimeControl "180+2"]
[Date "2023.03.14"]
[WhiteClock "0:00:13"]
[BlackClock "0:02:04"]

1. d4 d5 2. Nc3 c6 3. e4 Nf6 4. e5 Nfd7 5. f4 e6 6. Nf3 c5 7. Be3 cxd4 8. Bxd4 Nc6 9. Bb5 Nxd4 10. Nxd4 a6 11. Bd3 Nc5 12. Nce2 Nxd3+ 13. Qxd3 Bd7 14. c3 Qb6 15. O-O-O O-O-O 16. Rhf1 Kb8 17. Kb1 Be7 18. Qc2 1/2-1/2


[Site "https://www.chess.com"]

[Event "Titled Tuesday Blitz March 14 Early 2023"]
[White "Barria Santos, Jose Guilherme"]
[Black "Comas Fabrego, Lluis"]
[WhiteFideId "1939300"]
[BlackFideId "2200325"]
[WhiteElo "2301"]
[BlackElo "2523"]
[Result "0-1"]
[Round "11"]
[TimeControl "180+2"]
[Date "2023.03.14"]
[WhiteClock "0:00:35"]
[BlackClock "0:00:09"]

1. e4 c5 2. Nf3 d6 3. d4 cxd4 4. Nxd4 Nf6 5. Nc3 g6 6. Be3 Bg7 7. f3 O-O 8. Qd2 Nc6 9. Bc4 Bd7 10. O-O-O Ne5 11. Bb3 Qa5 12. Kb1 Rfc8 13. Nd5 Qxd2 14. Rxd2 Nxd5 15. Bxd5 Nc4 16. Bxc4 Rxc4 17. c3 b5 18. h4 h5 19. Nc2 a5 20. Na3 Rcc8 21. Nc2 Be6 22. Bd4 Bh6 23. Rdd1 Bc4 24. Be3 Bg7 25. Bd4 b4 26. Bxg7 Kxg7 27. b3 Be6 28. cxb4 a4 29. Kb2 axb3 30. axb3 Rab8 31. Rd3 Rc7 32. Rc3 Rxc3 33. Kxc3 Rc8+ 34. Kb2 d5 35. Nd4 dxe4 36. Nxe6+ fxe6 37. fxe4 Rb8 38. Kc3 Rc8+ 39. Kd3 Kf6 40. Kd4 e5+ 41. Kd5 Rd8+ 42. Kc5 Rd3 43. b5 Rxb3 44. b6 g5 45. hxg5+ Kxg5 46. Ra1 Kf4 47. Kd5 Rd3+ 48. Kc4 Rd4+ 49. Kc5 Kxe4 50. Rb1 Rd8 51. Kc6 Kf4 52. Kc7 Rg8 53. b7 e4 54. b8=Q Rxb8 55. Kxb8 e3 56. Kc7 e2 57. Kc6 Kg3 58. Kd5 Kxg2 59. Kd4 Kf2 60. Rb2 Kf1 61. Ke3 e1=Q+ 62. Kf3 Qd1+ 63. Kg3 Qd3+ 64. Kf4 Qd4+ 0-1


[Site "https://www.chess.com"]

[Event "Titled Tuesday Blitz March 14 Early 2023"]
[White "Necula, Iulian"]
[Black "Sanchez, Robert"]
[WhiteFideId "1232380"]
[BlackFideId "2034360"]
[WhiteElo "1790"]
[BlackElo "2196"]
[Result "1-0"]
[Round "11"]
[TimeControl "180+2"]
[Date "2023.03.14"]
[WhiteClock "0:00:18"]
[BlackClock "0:01:37"]

1. d4 d5 2. Nc3 e6 3. Bf4 Nf6 4. Nb5 Na6 5. e3 c6 6. Nc3 Bb4 7. Bxa6 bxa6 8. Ne2 O-O 9. O-O a5 10. a3 Be7 11. Re1 Nh5 12. Be5 f6 13. Bg3 Nxg3 14. Nxg3 Rb8 15. Rb1 e5 16. Nce2 e4 17. h3 f5 18. Qd2 Bd6 19. Rec1 Rf6 20. c4 g5 21. cxd5 cxd5 22. Rc3 Be6 23. Rbc1 Bf7 24. Rc6 f4 25. exf4 gxf4 26. Nf1 f3 27. Neg3 fxg2 28. Kxg2 Bf4 29. Ne3 Bg6 30. Rxf6 Qxf6 31. Rc5 Bxg3 32. fxg3 Rf8 33. Rc2 Qf3+ 34. Kh2 h5 35. Qe2 h4 36. Qxf3 exf3 37. gxh4 1-0